| TOP OF THE 1ST |
|
Dallas-Fort Worth Rangers batting - Pitching for Shreveport Braves : LHP Javier Cruc
|
|
Pitching: LHP Javier Cruc
|
|
|
Batting: RHB Phil Bradley
|
0-0: Ball 1-0: Ball 2-0: Ball 3-0: Called Strike 3-1: Fly out, F7 (Flyball, 78M, EV 93.8 MPH)
|
|
Batting: RHB Alex Zermeno
|
0-0: Fly out, F7 (Flyball, 7D, EV 107.5 MPH)
|
|
Batting: RHB Joe Carter
|
0-0: Fly out, F3 (Popup, 3SF, EV 76.9 MPH)
|
| Top of the 1st over - 0 runs, 0 hits, 0 errors, 0 left on base; Dallas-Fort Worth 0 - Shreveport 0 |
| BOTTOM OF THE 1ST |
|
Shreveport Braves batting - Pitching for Dallas-Fort Worth Rangers : RHP Billy Hawley
|
|
Pitching: RHP Billy Hawley
|
|
|
Batting: LHB Rusty McNealy
|
0-0: Fly out, F9 (Flyball, 89D, EV 98.1 MPH)
|
|
Batting: LHB Jim Watkins
|
0-0: Ball 1-0: Ball 2-0: Foul Ball, location: 2F 2-1: Called Strike 2-2: Ground out 1-3 (Groundball, 13, EV 61.9 MPH)
|
|
Batting: SHB Sap Randall
|
0-0: Foul Ball, location: 2F 0-1: Ball 1-1: Ball 2-1: Ground out 3-1 (Groundball, 34, EV 105.0 MPH)
|
| Bottom of the 1st over - 0 runs, 0 hits, 0 errors, 0 left on base; Dallas-Fort Worth 0 - Shreveport 0 |
| TOP OF THE 2ND |
|
Dallas-Fort Worth Rangers batting - Pitching for Shreveport Braves : LHP Javier Cruc
|
|
Batting: LHB Sid Bream
|
0-0: Called Strike 0-1: Fly out, F7 (Line Drive, 7D, EV 86.9 MPH)
|
|
Batting: RHB Dave Aponte
|
0-0: Ball 1-0: Foul Ball, location: 2F 1-1: SINGLE (Flyball, 4D, EV 92.5 MPH)
|
|
Batting: RHB Terry Lee
|
0-0: Fly out, F5 (Popup, 25, EV 78.1 MPH)
|
|
Batting: RHB Eric Hyatt
|
0-0: Called Strike 0-1: Ball 1-1: Ball 2-1: Foul Ball, location: 2F 2-2: Ground out 4-3 (Groundball, 4, EV 83.8 MPH)
|
| Top of the 2nd over - 0 runs, 1 hit, 0 errors, 1 left on base; Dallas-Fort Worth 0 - Shreveport 0 |
| BOTTOM OF THE 2ND |
|
Shreveport Braves batting - Pitching for Dallas-Fort Worth Rangers : RHP Billy Hawley
|
|
Batting: RHB Alfonso Gomez
|
0-0: Foul Ball, location: 2F 0-1: Ball 1-1: Ground out 4-3 (Groundball, 4, EV 105.0 MPH)
|
|
Batting: RHB Glenn Walker
|
0-0: Called Strike 0-1: SOLO HOME RUN (Flyball, 7LD, EV 98.1 MPH), Distance : 350 ft
|
|
Batting: SHB Michael Lessard
|
0-0: Ground out U3 (Groundball, 13, EV 83.8 MPH)
|
|
Batting: RHB Les Pearsey
|
0-0: Called Strike 0-1: Fly out, F3 (Popup, 3SF, EV 75.6 MPH)
|
| Bottom of the 2nd over - 1 run, 1 hit, 0 errors, 0 left on base; Dallas-Fort Worth 0 - Shreveport 1 |
| TOP OF THE 3RD |
|
Dallas-Fort Worth Rangers batting - Pitching for Shreveport Braves : LHP Javier Cruc
|
|
Batting: RHB Steve Nicosia
|
0-0: Called Strike 0-1: Foul Ball, location: 2F 0-2: Ground out U3 (Groundball, 3S, EV 72.5 MPH)
|
|
Batting: RHB Ross Jones
|
0-0: Called Strike 0-1: Ball 1-1: Foul Ball, location: 2F 1-2: Ball 2-2: SINGLE (Line Drive, 4M, EV 101.3 MPH)
|
|
Batting: RHB Phil Bradley
|
0-0: Ball 1-0: Ball 2-0: Fly out, F9 (Flyball, 9S, EV 87.5 MPH)
|
|
Batting: RHB Alex Zermeno
|
0-0: Called Strike 0-1: Fly out, F9 (Flyball, 9LM, EV 82.5 MPH)
|
| Top of the 3rd over - 0 runs, 1 hit, 0 errors, 1 left on base; Dallas-Fort Worth 0 - Shreveport 1 |
| BOTTOM OF THE 3RD |
|
Shreveport Braves batting - Pitching for Dallas-Fort Worth Rangers : RHP Billy Hawley
|
|
Batting: RHB Jeff Matthews
|
0-0: Ball 1-0: Called Strike 1-1: Ball 2-1: Ball 3-1: Foul Ball, location: 2F 3-2: Foul Ball, location: 2F 3-2: Ground out U3 (Groundball, 34, EV 82.5 MPH)
|
|
Batting: RHB John Lickert
|
0-0: Ball 1-0: Called Strike 1-1: Ground out 1-3 (Groundball, 13S, EV 65.6 MPH)
|
|
Batting: LHB Rusty McNealy
|
0-0: Ball 1-0: Foul Ball, location: 2F 1-1: Fly out, F8 (Flyball, 89D, EV 93.1 MPH)
|
| Bottom of the 3rd over - 0 runs, 0 hits, 0 errors, 0 left on base; Dallas-Fort Worth 0 - Shreveport 1 |
| TOP OF THE 4TH |
|
Dallas-Fort Worth Rangers batting - Pitching for Shreveport Braves : LHP Javier Cruc
|
|
Batting: RHB Joe Carter
|
0-0: Fly out, F8 (Flyball, 8RD, EV 94.4 MPH)
|
|
Batting: LHB Sid Bream
|
0-0: Ball 1-0: SINGLE (Groundball, 4D, EV 95.0 MPH)
|
|
Batting: RHB Dave Aponte
|
0-0: Ball Sid Bream steals 2nd base 1-0: Swinging Strike 1-1: Ground out 1-3 (Groundball, 15S, EV 67.5 MPH)
|
|
Batting: RHB Terry Lee
|
0-0: Called Strike 0-1: Ball 1-1: Called Strike 1-2: Foul Ball, location: 2F 1-2: Ground out 2-3 (Groundball, 15S, EV 70.0 MPH)
|
| Top of the 4th over - 0 runs, 1 hit, 0 errors, 1 left on base; Dallas-Fort Worth 0 - Shreveport 1 |
| BOTTOM OF THE 4TH |
|
Shreveport Braves batting - Pitching for Dallas-Fort Worth Rangers : RHP Billy Hawley
|
|
Batting: LHB Jim Watkins
|
0-0: Ball 1-0: Called Strike 1-1: Ball 2-1: Foul Ball, location: 2F 2-2: Strikes out looking
|
|
Batting: SHB Sap Randall
|
0-0: Ball 1-0: Ball 2-0: Swinging Strike 2-1: Swinging Strike 2-2: Foul Ball, location: 2F 2-2: Strikes out swinging
|
|
Batting: RHB Alfonso Gomez
|
0-0: Ball 1-0: Fly out, F7 (Flyball, 7D, EV 84.4 MPH)
|
| Bottom of the 4th over - 0 runs, 0 hits, 0 errors, 0 left on base; Dallas-Fort Worth 0 - Shreveport 1 |
| TOP OF THE 5TH |
|
Dallas-Fort Worth Rangers batting - Pitching for Shreveport Braves : LHP Javier Cruc
|
|
Batting: RHB Eric Hyatt
|
0-0: Called Strike 0-1: SINGLE (Groundball, 56S, EV 66.3 MPH) (infield hit)
|
|
Batting: RHB Steve Nicosia
|
0-0: Ball 1-0: Called Strike 1-1: Ball 2-1: Ball 3-1: Fly out, F9 (Flyball, 89M, EV 73.1 MPH)
|
|
Batting: RHB Ross Jones
|
0-0: Swinging Strike 0-1: Ball 1-1: Foul Ball, location: 2F 1-2: Strikes out looking
|
|
Batting: RHB Phil Bradley
|
0-0: Called Strike 0-1: Ball 1-1: Ball 2-1: Foul Ball, location: 2F 2-2: Fielders Choice at 2nd, 6-4 (Groundball, 6, EV 78.8 MPH)
|
| Top of the 5th over - 0 runs, 1 hit, 0 errors, 1 left on base; Dallas-Fort Worth 0 - Shreveport 1 |
| BOTTOM OF THE 5TH |
|
Shreveport Braves batting - Pitching for Dallas-Fort Worth Rangers : RHP Billy Hawley
|
|
Batting: RHB Glenn Walker
|
0-0: Ground out 4-3 (Groundball, 4, EV 88.8 MPH)
|
|
Batting: SHB Michael Lessard
|
0-0: Swinging Strike 0-1: Ball 1-1: Ball 2-1: Ball 3-1: Ground out U3 (Groundball, 3, EV 83.8 MPH)
|
|
Batting: RHB Les Pearsey
|
0-0: Ball 1-0: Ball 2-0: Ball 3-0: Called Strike 3-1: Ground out 4-3 (Groundball, 4S, EV 88.1 MPH)
|
| Bottom of the 5th over - 0 runs, 0 hits, 0 errors, 0 left on base; Dallas-Fort Worth 0 - Shreveport 1 |
| TOP OF THE 6TH |
|
Dallas-Fort Worth Rangers batting - Pitching for Shreveport Braves : LHP Javier Cruc
|
|
Batting: RHB Alex Zermeno
|
0-0: Ball 1-0: Ball 2-0: Ball 3-0: Called Strike 3-1: Foul Ball, location: 2F 3-2: Fly out, F9 (Line Drive, 9, EV 94.4 MPH)
|
|
Batting: RHB Joe Carter
|
0-0: Called Strike 0-1: Foul Ball, location: 2F 0-2: Ball 1-2: Ball 2-2: Foul Ball, location: 2F 2-2: Fly out, F9 (Flyball, 9D, EV 100.6 MPH)
|
|
Batting: LHB Sid Bream
|
0-0: SINGLE (Groundball, 4D, EV 95.0 MPH)
|
|
Batting: RHB Dave Aponte
|
0-0: Ball 1-0: Called Strike 1-1: Ball 2-1: Foul Ball, location: 2F 2-2: Ball 3-2: TRIPLE (Line Drive, 89XD, EV 107.5 MPH) Sid Bream scores
|
|
Batting: RHB Terry Lee
|
0-0: Ball 1-0: Ball 2-0: Called Strike 2-1: Foul Ball, location: 2F 2-2: Fly out, F8 (Flyball, 78M, EV 91.9 MPH)
|
| Top of the 6th over - 1 run, 2 hits, 0 errors, 1 left on base; Dallas-Fort Worth 1 - Shreveport 1 |
| BOTTOM OF THE 6TH |
|
Shreveport Braves batting - Pitching for Dallas-Fort Worth Rangers : RHP Billy Hawley
|
|
Batting: RHB Jeff Matthews
|
0-0: Ball 1-0: Called Strike 1-1: Ground out 6-3 (Groundball, 6, EV 91.3 MPH)
|
|
Batting: RHB John Lickert
|
0-0: Called Strike 0-1: Ball 1-1: Ball 2-1: Ball 3-1: Foul Ball, location: 2F 3-2: Foul Ball, location: 2F 3-2: Fly out, F4 (Popup, 4, EV 58.8 MPH)
|
|
Batting: LHB Rusty McNealy
|
0-0: Foul Ball, location: 2F 0-1: Foul Ball, location: 2F 0-2: Strikes out swinging
|
| Bottom of the 6th over - 0 runs, 0 hits, 0 errors, 0 left on base; Dallas-Fort Worth 1 - Shreveport 1 |
| TOP OF THE 7TH |
|
Dallas-Fort Worth Rangers batting - Pitching for Shreveport Braves : LHP Javier Cruc
|
|
Batting: RHB Eric Hyatt
|
0-0: Foul Ball, location: 2F 0-1: Fly out, F3 (Popup, 3S, EV 68.8 MPH)
|
|
Batting: RHB Steve Nicosia
|
0-0: Called Strike 0-1: Ball 1-1: Foul Ball, location: 2F 1-2: Ball 2-2: Foul Ball, location: 2F 2-2: Strikes out swinging, 2-3 out at first.
|
|
Batting: RHB Ross Jones
|
0-0: Called Strike 0-1: SINGLE (Groundball, 56, EV 108.1 MPH) (infield hit)
|
|
Batting: RHB Phil Bradley
|
0-0: Ball 1-0: Called Strike 1-1: Ball 2-1: Ball 3-1: 2-RUN HOME RUN (Flyball, 7D, EV 90.0 MPH), Distance : 381 ft
|
|
Batting: RHB Alex Zermeno
|
0-0: Ball 1-0: Ball 2-0: DOUBLE (Groundball, 5L, EV 105.0 MPH)
|
|
Batting: RHB Joe Carter
|
0-0: Swinging Strike 0-1: Swinging Strike 0-2: Foul Ball, location: 2F 0-2: Strikes out swinging
|
| Top of the 7th over - 2 runs, 3 hits, 0 errors, 1 left on base; Dallas-Fort Worth 3 - Shreveport 1 |
| BOTTOM OF THE 7TH |
|
Shreveport Braves batting - Pitching for Dallas-Fort Worth Rangers : RHP Billy Hawley
|
|
Batting: LHB Jim Watkins
|
0-0: Ball 1-0: Ball 2-0: Called Strike 2-1: Reached on error, E4 (Groundball, 4, EV 107.5 MPH)
|
|
Batting: SHB Sap Randall
|
0-0: Ball Jim Watkins steals 2nd base 1-0: Foul Ball, location: 2F 1-1: Foul Ball, location: 2F 1-2: Foul Ball, location: 2F 1-2: Fly out, F2 (Popup, 2RF, EV 89.4 MPH)
|
|
Batting: RHB Alfonso Gomez
|
0-0: Ball 1-0: Ball 2-0: Ball 3-0: Called Strike 3-1: Called Strike 3-2: Strikes out looking
|
|
Batting: RHB Glenn Walker
|
0-0: Ball 1-0: Foul Ball, location: 2F 1-1: Fly out, F8 (Flyball, 8RD, EV 91.3 MPH)
|
| Bottom of the 7th over - 0 runs, 0 hits, 1 error, 1 left on base; Dallas-Fort Worth 3 - Shreveport 1 |
| TOP OF THE 8TH |
|
Dallas-Fort Worth Rangers batting - Pitching for Shreveport Braves : LHP Javier Cruc
|
|
Batting: LHB Sid Bream
|
0-0: Ball 1-0: Called Strike 1-1: Swinging Strike 1-2: Foul Ball, location: 2F 1-2: SINGLE (Flyball, 56D, EV 90.0 MPH)
|
|
Batting: RHB Dave Aponte
|
0-0: Foul Ball, location: 2F 0-1: SINGLE (Groundball, 4MD, EV 105.6 MPH) Sid Bream to second Runner from 2nd tries for 3rd, SAFE, throw by CF made to third
|
|
Batting: RHB Terry Lee
|
0-0: Ball 1-0: Called Strike 1-1: Ball 2-1: Fly out, F5 (Popup, 5SF, EV 67.5 MPH)
|
|
Batting: RHB Eric Hyatt
|
0-0: Grounds into double play, 6-4-3 (Groundball, 6, EV 80.6 MPH)
|
| Top of the 8th over - 0 runs, 2 hits, 0 errors, 1 left on base; Dallas-Fort Worth 3 - Shreveport 1 |
| BOTTOM OF THE 8TH |
|
Shreveport Braves batting - Pitching for Dallas-Fort Worth Rangers : RHP Billy Hawley
|
|
Batting: SHB Michael Lessard
|
0-0: Ball 1-0: Called Strike 1-1: DOUBLE (Line Drive, 9LS, EV 103.8 MPH)
|
|
Batting: RHB Les Pearsey
|
0-0: Called Strike 0-1: Swinging Strike 0-2: Ball 1-2: Strikes out swinging
|
|
Batting: RHB Jeff Matthews
|
0-0: SINGLE (Groundball, 34D, EV 95.0 MPH) Michael Lessard to third Runner from 3rd tries for Home, SAFE, throw by RF to home
|
|
Batting: RHB John Lickert
|
0-0: Bunted foul 0-1: Sac Bunt to 13 - play at first, batter OUT! 1-4 Jeff Matthews to second
|
|
Batting: LHB Rusty McNealy
|
0-0: Fly out, F9 (Line Drive, 9, EV 90.0 MPH)
|
| Bottom of the 8th over - 1 run, 2 hits, 0 errors, 1 left on base; Dallas-Fort Worth 3 - Shreveport 2 |
| TOP OF THE 9TH |
|
Dallas-Fort Worth Rangers batting - Pitching for Shreveport Braves : LHP Javier Cruc
|
|
Batting: RHB Steve Nicosia
|
0-0: Ground out 5-3 (Groundball, 56, EV 96.3 MPH)
|
|
Batting: RHB Ross Jones
|
0-0: Called Strike 0-1: Ground out 4-3 (Groundball, 4, EV 81.9 MPH)
|
|
Batting: RHB Phil Bradley
|
0-0: Ball 1-0: Foul Ball, location: 2F 1-1: Ball 2-1: Called Strike 2-2: DOUBLE (Line Drive, 9LS, EV 101.3 MPH)
|
|
Batting: RHB Alex Zermeno
|
0-0: Ball 1-0: Ball 2-0: Fly out, F9 (Flyball, 9S, EV 88.1 MPH)
|
| Top of the 9th over - 0 runs, 1 hit, 0 errors, 1 left on base; Dallas-Fort Worth 3 - Shreveport 2 |
| BOTTOM OF THE 9TH |
|
Shreveport Braves batting - Pitching for Dallas-Fort Worth Rangers : RHP Billy Hawley
|
|
Pitching: RHP Luis Cardenas
|
|
|
Batting: LHB Jim Watkins
|
0-0: SOLO HOME RUN (Flyball, 89XD, EV 93.1 MPH), Distance : 420 ft
|
|
Batting: SHB Sap Randall
|
0-0: Ball 1-0: Ball 2-0: Foul Ball, location: 2F 2-1: DOUBLE (Groundball, 5L, EV 100.0 MPH)
|
|
Batting: RHB Alfonso Gomez
|
0-0: Intentional Walk
|
|
Batting: RHB Glenn Walker
|
0-0: Called Strike 0-1: Ball 1-1: Swinging Strike 1-2: Ball 2-2: Strikes out swinging
|
|
Batting: SHB Michael Lessard
|
0-0: Ball 1-0: Ball 2-0: Ball 3-0: Base on Balls Sap Randall to third Alfonso Gomez to second
|
|
Pinch Hitting: LHB Mark Lucas
|
0-0: Grounds into fielders choice 4-2 (Groundball, 4, EV 101.3 MPH) Alfonso Gomez to third Michael Lessard to second
|
|
Pinch Hitting: LHB Ronald Walker
|
0-0: Ball 1-0: Swinging Strike 1-1: Fielders Choice at 2nd, 6-4 (Groundball, 6, EV 88.8 MPH)
|
| Bottom of the 9th over - 1 run, 2 hits, 0 errors, 3 left on base; Dallas-Fort Worth 3 - Shreveport 3 |
| TOP OF THE 10TH |
|
Dallas-Fort Worth Rangers batting - Pitching for Shreveport Braves : LHP Javier Cruc
|
|
Pitching: LHP Lee Belanger
|
|
|
Now at 1B: Scott Ullger
|
|
|
Now at 3B: Mark Lucas
|
|
|
Batting: RHB Joe Carter
|
0-0: Foul Ball, location: 2F 0-1: Ball 1-1: Ground out 4-3 (Groundball, 34, EV 88.8 MPH)
|
|
Batting: LHB Sid Bream
|
0-0: Swinging Strike 0-1: Ball 1-1: Fly out, F7 (Line Drive, 7, EV 88.8 MPH)
|
|
Batting: RHB Dave Aponte
|
0-0: Called Strike 0-1: Ball 1-1: Foul Ball, location: 2F 1-2: Ball 2-2: Ball 3-2: Strikes out swinging
|
| Top of the 10th over - 0 runs, 0 hits, 0 errors, 0 left on base; Dallas-Fort Worth 3 - Shreveport 3 |
| BOTTOM OF THE 10TH |
|
Shreveport Braves batting - Pitching for Dallas-Fort Worth Rangers : RHP Luis Cardenas
|
|
Pitching: RHP Tom McGough
|
|
|
Batting: RHB John Lickert
|
0-0: Called Strike 0-1: Ball 1-1: Foul Ball, location: 2F 1-2: Ball 2-2: Ball 3-2: Base on Balls
|
|
Batting: LHB Rusty McNealy
|
0-0: Ball 1-0: Ball 2-0: Ball 3-0: Called Strike 3-1: Sac Bunt to 13S - play at first, batter OUT! 1-3 John Lickert to second
|
|
Batting: LHB Jim Watkins
|
0-0: Called Strike 0-1: Ball 1-1: Ball 2-1: Ball 3-1: Base on Balls
|
|
Batting: SHB Sap Randall
|
0-0: Ball 1-0: Fly out, F9 (Line Drive, 9, EV 100.6 MPH)
|
|
Batting: RHB Alfonso Gomez
|
0-0: Ball 1-0: SINGLE (Line Drive, 89S, EV 93.8 MPH) John Lickert to third Jim Watkins to second Runner from 3rd tries for Home, SAFE, throw by RF to home
|
| Bottom of the 10th over - 1 run, 1 hit, 0 errors, 0 left on base; Dallas-Fort Worth 3 - Shreveport 4 |
| GAME OVER ... SHREVEPORT DEFEATS DALLAS |
|
Fort Worth, 4 to 3
|
|
|